 Dungeon Crawl Stone Soup version 0.26-a0-1181-gd376ed14c5 (webtiles) character file.

Game seed: 1122815714191138555

304959 HoaS the Executioner (level 22, -1/190 HPs)
             Began as a Formicid Fighter on Dec 25, 2020.
             Was the Champion of Makhleb.
             Slain by an orc knight
             ... wielding a +2 dire flail
              (28 damage)
             ... on level 2 of the Vaults.
             The game lasted 01:43:22 (36078 turns).

HoaS the Executioner (Formicid Fighter)            Turns: 36078, Time: 01:43:23

Health: -1/190     AC: 32    Str: 28    XL:     22   Next: 5%
Magic:  0/22       EV: 24    Int:  8    God:    Makhleb [******]
Gold:   4453       SH:  0    Dex: 21    Spells: 21/21 levels left

rFire    . . .     SeeInvis +   O - +8 executioner's axe (drain)
rCold    + . .     Faith    .   Q - +2 tower shield {reflect}
rNeg     + . .     Spirit   +   L - +6 plate armour {rC+}
rPois    .         Reflect  +   (helmet unavailable)
rElec    .         Harm     .   q - +2 cloak
rCorr    .         Rampage  .   A - +2 pair of gloves "Unum" {rN+ Dex+8}
Will     ++...                  J - +2 pair of boots
Stlth    ..........             F - amulet of guardian spirit
HPRegen  0.41/turn              v - +4 ring of evasion
MPRegen  0.18/turn              r - +4 ring of evasion

@: confused, mighty, lethally poisoned (-1 -> -2), glowing, silenced
A: permanent stasis, dig shafts and tunnels, four strong arms, antennae 3
}: 2/15 runes: decaying, gossamer
a: Dig, Shaft Self, Renounce Religion


You were on level 2 of the Vaults.
You worshipped Makhleb.
Makhleb was exalted by your worship.
You visited 8 branches of the dungeon, and saw 36 of its levels.
You also visited: Ossuary and Volcano.

You collected 4690 gold pieces.
You spent 237 gold pieces at shops.

Inventory:

Hand Weapons
 C - the +6 battleaxe of the Dwarven Hall {flame, +Blink +Inv}
   (You acquired it on level 9 of the Dungeon)

   It has been specially enchanted to burn those struck by it, causing extra
   injury to most foes and up to half again as much damage against particularly
   susceptible opponents.
   Big, fiery blades are also staple armaments of hydra-hunters.
   It lets you turn invisible.
   It lets you blink.
 O - a +8 executioner's axe of draining (weapon)
Armour
 q - a +2 cloak (worn)
 A - the +2 pair of gloves "Unum" (worn) {rN+ Dex+8}
   (You bought it in a shop on level 2 of the Orcish Mines)

   It affects your dexterity (+8).
   It protects you from negative energy.
 J - a +2 pair of boots (worn)
 L - a +6 plate armour of cold resistance (worn)
 Q - a +2 tower shield of reflection (worn)
Jewellery
 d - an uncursed ring of flight
 g - an uncursed ring of positive energy
 r - a +4 ring of evasion (right hand)
 v - a +4 ring of evasion (left hand)
 x - an uncursed ring of willpower
 B - the ring of Atavvuis {*Drain +Fly rElec rCorr Stlth+}
   (You found it on level 8 of the Dungeon)

   [ring of resist corrosion]

   It insulates you from electricity.
   It lets you fly.
   It provides partial protection from all sources of acid and corrosion.
   It causes draining when unequipped.
   It makes you more stealthy.
 F - an amulet of guardian spirit (around neck)
 M - an uncursed ring of poison resistance
Wands
 a - a wand of enslavement (24)
 c - a wand of polymorph (8)
 k - a wand of digging (25)
 t - a wand of acid (12) (quivered)
 u - a wand of flame (47)
 w - a wand of disintegration (25)
 y - a wand of random effects (63)
 D - a wand of iceblast (38)
 I - a wand of paralysis (27)
Scrolls
 e - 32 scrolls of identify
 h - 14 scrolls of remove curse
 l - a scroll of summoning
 o - 2 scrolls of fear
 p - 6 scrolls of magic mapping
 z - 5 scrolls of fog
 G - 3 scrolls of holy word
Potions
 b - 5 potions of flight
 f - 11 potions of lignification
 i - 6 potions of cancellation
 j - 5 potions of mutation
 m - 10 potions of attraction
 n - 4 potions of might
 s - 12 potions of curing
 E - 9 potions of ambrosia
 H - 2 potions of invisibility
 K - 4 potions of heal wounds
 N - a potion of resistance


   Skills:
 - Level 20.0 Fighting
 * Level 23.6 Axes
 - Level 12.4 Armour
 - Level 11.5 Dodging
 - Level 15.0 Shields


You had 21 spell levels left.
You didn't know any spells.
Your spell library contained the following spells:

 Spells                   Type           Power        Failure   Level
 Foxfire                  Conj/Fire      0%           97%         1
 Freeze                   Ice            0%           97%         1
 Magic Dart               Conj           0%           97%         1
 Shock                    Conj/Air       0%           97%         1
 Sting                    Tmut/Pois      0%           97%         1
 Corpse Rot               Necr/Air       N/A          99%         2
 Poisonous Vapours        Pois/Air       0%           99%         2
 Searing Ray              Conj           0%           99%         2
 Sublimation of Blood     Necr           0%           99%         2
 Conjure Flame            Conj/Fire      0%           100%        3
 Dazzling Flash           Conj/Hex       0%           100%        3
 Frozen Ramparts          Ice            0%           100%        3
 Ignite Poison            Fire/Tmut/Pois 0%           100%        3
 Inner Flame              Hex/Fire       0%           100%        3
 Mephitic Cloud           Conj/Pois/Air  0%           100%        3
 Ozocubu's Armour         Ice            0%           100%        3
 Static Discharge         Conj/Air       0%           100%        3
 Stone Arrow              Conj/Erth      0%           100%        3
 Airstrike                Air            0%           100%        4
 Cause Fear               Hex            0%           100%        4
 Fulminant Prism          Conj/Hex       0%           100%        4
 Hailstorm                Conj/Ice       0%           100%        4
 Iskenderun's Mystic Bla  Conj/Tloc      0%           100%        4
 Leda's Liquefaction      Hex/Erth       0%           100%        4
 Olgreb's Toxic Radiance  Pois           0%           100%        4
 Petrify                  Tmut/Erth      0%           100%        4
 Sticky Flame             Conj/Fire      0%           100%        4
 Summon Ice Beast         Ice/Summ       0%           100%        4
 Summon Lightning Spire   Summ/Air       0%           100%        4
 Alistair's Intoxication  Tmut/Pois      0%           100%        5
 Bolt of Magma            Conj/Fire/Erth 0%           100%        5
 Fireball                 Conj/Fire      0%           100%        5
 Irradiate                Conj/Tmut      0%           100%        5
 Lightning Bolt           Conj/Air       0%           100%        5
 Silence                  Hex/Air        0%           100%        5
 Summon Forest            Summ/Tloc      0%           100%        5
 Yara's Violent Unravell  Hex/Tmut       0%           100%        5
 Conjure Ball Lightning   Conj/Air       0%           100%        6
 Eringya's Noxious Bog    Tmut/Pois      0%           100%        6
 Hydra Form               Tmut           0%           100%        6
 Iron Shot                Conj/Erth      0%           100%        6
 Statue Form              Tmut/Erth      0%           100%        6
 Summon Hydra             Summ           0%           100%        7
 Discord                  Hex            0%           100%        8
 Shatter                  Erth           0%           100%        9
 Tornado                  Air            0%           100%        9
 Swiftness                Air            Unusable     N/A         2

Dungeon Overview and Level Annotations

Branches:
Dungeon (15/15)            Temple (1/1) D:6            Lair (6/6) D:8
  Swamp (4/4) Lair:2       Spider (4/4) Lair:2        Slime (0/5) Lair:6
    Orc (2/2) D:11            Elf (2/3) Orc:2        Vaults (2/5) D:13
 Depths (0/5) D:15        Ossuary (visited)         Volcano (visited)
  Crypt: Vaults:2-3

Altars:
Ashenzari
Cheibriados
Dithmenos
Elyvilon
Fedhas
Gozag
Hepliaklqana
Kikubaaqudgha
Makhleb
Nemelex Xobeh
Okawaru
Qazlal
Ru
Sif Muna
Trog
Uskayaw
Vehumet
Wu Jian
Xom
Yredelemnul
Zin
The Shining One
Beogh
Jiyva

Shops:
D:5 *   D:9 *   D:11 *   Orc:2 !:([   Elf:1 :

Portals:
Hell: Lair:6
Trove: D:11 (give +5 demon trident)

Annotations:
D:13 2 transporters, loralnil's ghost, journeyman GnTm
Lair:6 1 runed translucent door
Elf:2 1 runed translucent door
Vaults:2 Mennas


Innate Abilities, Weirdness & Mutations

You cannot be hasted, slowed, berserked, paralysed or teleported.
You can dig through walls and to a lower floor.
Your four strong arms can wield two-handed weapons with a shield.
You have a pair of large antennae on your head. (SInv)


Message History

The vault warden blocks your attack.
You slice the storm dragon!! You slash the orc knight!
You drain the orc knight.
You feel sick. The storm dragon bites you.
The storm dragon claws you but does no damage.
The storm dragon misses you.
The vault warden hits you but does no damage.
The orc knight hits you with a +2 dire flail!!
Mennas hits you but does no damage. x2
You bump into the stone wall.
You feel sick.
The orc sorcerer no longer looks unusually strong.
The storm dragon closely misses you. The storm dragon claws you!
The storm dragon completely misses you.
Mennas hits you with a +5 eudemon blade of holy wrath.
* * * LOW HITPOINT WARNING * * *
Mennas hits you with a +5 eudemon blade of holy wrath!
* * * LOW HITPOINT WARNING * * *
The vault warden hits you with a +1 war axe!
* * * LOW HITPOINT WARNING * * *
The orc knight hits you with a +2 dire flail!!
You die...

######## .
###########@Do...# #..
..........oApo...# ##{..#
..........#pop...##{pp#o.
..........#...4..#.{o.o..
..........#...†.po..Dp...
..........#......##.4o#..
..........#......# #...#
..........#......# #..
..........######## .


You could see Mennas (silencing), a storm dragon (catching breath, drained), a
vault warden (drained), 2 orc knights, an orange demon (summoned), 2 vault
sentinels, an ironbrand convoker, an orc sorcerer, an orc warrior (strong,
drained) and an orc.

Vanquished Creatures
  Saint Roka (Orc:2)
  Rupert (D:12)
  Frances (D:14)
  Kirke (D:12)
  A thorn hunter (Swamp:3)
  Donald (Swamp:3)
  A fenstrider witch (Swamp:2)
  2 vault wardens
  Louise (Elf:1)
  5 ghost moths
  2 deep elf sorcerers (Elf:1)
  8 emperor scorpions
  6 ironheart preservers
  A ghoul (Swamp:1)
  3 stone giants (Vaults:2)
  Nessos (D:12)
  4 entropy weavers
  Azrael (D:13)
  5 bunyips
  2 ettins
  A spark wasp (Spider:4)
  A dire elephant (Lair:5)
  A deep elf death mage (Elf:1)
  An eleionoma (Swamp:3)
  The ghost of Xipsemp the Ogre Mage, a journeyman OgFE of the Shining One (Lair:2)
  Josephine (D:11)
  2 shambling mangroves
  2 yaktaur captains (Vaults:1)
  3 fire dragons
  4 ogre magi
  2 great orbs of eyes
  Erolcha (D:11)
  3 rakshasas
  25 hydras
  A death knight (Vaults:1)
  2 vault guards
  Harold (Lair:2)
  6 boulder beetles
  A ghost crab (Swamp:3)
  5 centaur warriors
  14 two-headed ogres
  27 dancing weapons
  2 tengu warriors
  15 alligators
  An orc high priest (D:11)
  A sun demon (Lair:6)
  Sonja (D:10)
  18 deep elf knights
  Urug (Orc:2)
  A hell knight (Volcano)
  3 unseen horrors
  6 goliath frogs
  A deep troll (D:15)
  8 swamp dragons
  A spriggan druid (Swamp:2)
  4 wizards
  A flayed ghost (Vaults:1)
  15 bog bodies
  A deep troll (shapeshifter) (Vaults:2)
  16 deep elf archers
  3 necromancers
  6 orc knights
  A tengu zombie (Vaults:2)
  10 orc sorcerers (Orc:2)
  39 deep elf magi
  20 orb spiders
  9 ugly things
  30 wolf spiders
  4 centaur zombies
  4 will-o-the-wisps
  2 black mambas
  2 manticores (D:15)
  3 cyclopes
  5 vault sentinels
  2 moths of wrath
  A cane toad (shapeshifter) (D:15)
  14 elephants
  2 orange demons (Lair:6)
  14 cane toads
  A gargoyle (D:13)
  Maggie (D:6)
  2 centaur skeletons
  2 ice devils (Lair:6)
  3 freezing wraiths
  12 komodo dragons
  5 rime drakes
  5 demonic crawlers
  11 yaktaurs
  3 tengu conjurers
  A hellwing (Lair:6)
  2 red devils (Lair:6)
  A human skeleton (Vaults:2)
  A bloated husk (Swamp:3)
  10 trolls
  10 hornets
  3 meliai (Spider:3)
  3 polar bears
  39 jumping spiders
  8 tyrant leeches
  19 slime creatures
  A raiju (shapeshifter) (Vaults:2)
  A stone giant simulacrum (Vaults:2)
  18 blink frogs
  A snapping turtle (shapeshifter) (D:15)
  Sigmund (D:2)
  3 air elementals
  A meliai zombie (D:14)
  2 shadows
  2 vampires
  36 tarantellas
  5 spriggans
  5 wyverns
  7 wraiths
  3 fire elementals
  5 hogs (D:12)
  86 redbacks
  A water elemental (Elf:2)
  2 hogs (shapeshifter)
  3 basilisks
  41 yaks
  19 humans (D:13)
  10 vampire mosquitoes
  2 wargs
  Eustachio (D:4)
  Grum (D:10)
  Menkaure (Ossuary)
  Edmund (D:4)
  A soldier ant (shapeshifter) (D:14)
  13 swamp worms
  2 acid dragons
  11 water moccasins
  2 soldier ants (D:15)
  6 hell hounds
  3 sky beasts
  6 swamp drakes
  5 black bears
  30 orc warriors
  An eye of draining (shapeshifter) (Vaults:2)
  2 ice beasts
  22 ogres
  2 phantoms (D:10)
  2 eyes of draining (D:15)
  3 boggarts (Vaults:1)
  12 necrophages
  17 wolves
  13 centaurs
  5 big kobolds
  A human zombie (Vaults:2)
  An earth elemental (Elf:1)
  21 bullfrogs
  2 wyvern zombies
  A water moccasin zombie (D:10)
  4 scorpions
  A water moccasin skeleton (D:12)
  2 howler monkeys
  5 wights (D:8)
  A quasit (D:11)
  Crazy Yiuf (D:2)
  A jelly (D:5)
  6 hounds
  2 gnoll shamans
  21 orc priests
  2 bullfrog skeletons
  6 iguanas
  Ijyb (D:4)
  Terence (D:3)
  Natasha (thrice) (D:2)
  45 orc wizards
  3 hell rats
  7 worker ants
  4 hound skeletons
  3 mummies (Ossuary)
  Robin (D:2)
  4 worker ant zombies
  20 gnolls
  6 adders
  A howler monkey skeleton (D:9)
  6 river rats (Lair:3)
  2 white imps
  An ufetubus (D:9)
  2 oozes
  2 adder skeletons
  An adder zombie (D:7)
  2 worms
  2 dart slugs
  9 leopard geckos
  131 orcs
  13 bats
  4 giant cockroaches
  15 goblins
  9 hobgoblins
  28 jackals
  2 quokkas
  4 ball pythons
  5 frilled lizards
  4 gnoll skeletons (Ossuary)
  3 gnoll zombies (Ossuary)
  4 goblin skeletons (Ossuary)
  9 goblin zombies (Ossuary)
  3 hobgoblin skeletons (Ossuary)
  2 hobgoblin zombies (Ossuary)
  48 kobolds
  3 kobold skeletons (Ossuary)
  5 kobold zombies (Ossuary)
  2 leopard gecko zombies (D:5)
  6 orc skeletons (Ossuary)
  3 orc zombies (Ossuary)
  11 rats
  5 rat skeletons (Ossuary)
  3 rat zombies (Ossuary)
  A bush (Lair:5)
  A butterfly (Lair:1)
1507 creatures vanquished.

Vanquished Creatures (others)
  A dancing weapon (Elf:2)
  2 deep elf magi (Elf:2)
  2 fire elementals (D:14)
  A human (D:12)
  An orc wizard (Orc:1)
  An orc (Orc:1)
  2 kobolds (D:14)
  21 foxfires
  17 fungi
  84 plants
132 creatures vanquished.

Grand Total: 1639 creatures vanquished

Notes
Turn   | Place    | Note
-------+----------+-------------------------------------------
     0 | D:1      | HoaS the Formicid Fighter began the quest for the Orb.
     0 | D:1      | Reached XP level 1. HP: 18/18 MP: 1/1
    81 | D:1      | Reached XP level 2. HP: 24/24 MP: 2/2
   266 | D:1      | Reached skill level 3 in Axes
   266 | D:1      | Reached XP level 3. HP: 29/29 MP: 3/3
   506 | D:2      | Noticed Sigmund
   532 | D:1      | Reached XP level 4. HP: 19/35 MP: 4/4
   935 | D:2      | Noticed Natasha
   941 | D:2      | Killed Natasha
   942 | D:2      | Reached skill level 4 in Axes
   942 | D:2      | Reached XP level 5. HP: 41/41 MP: 5/5
   956 | D:2      | Noticed Robin
   980 | D:2      | Killed Sigmund
   981 | D:2      | Reached skill level 5 in Axes
   981 | D:2      | Reached skill level 5 in Shields
   981 | D:2      | Reached XP level 6. HP: 30/47 MP: 6/6
  1016 | D:2      | Noticed Natasha
  1019 | D:2      | Killed Robin
  1028 | D:2      | Killed Natasha
  1222 | D:2      | Noticed Natasha
  1225 | D:2      | Killed Natasha
  1241 | D:2      | Found an ancient bone altar of Kikubaaqudgha.
  1251 | D:2      | Found an opulent altar of Gozag.
  1412 | D:2      | Reached XP level 7. HP: 40/52 MP: 7/7
  1503 | D:2      | Found a radiant altar of Vehumet.
  1672 | D:2      | Found a runed translucent door.
  1673 | D:2      | Noticed Crazy Yiuf
  1685 | D:2      | Killed Crazy Yiuf
  1686 | D:2      | Reached skill level 6 in Axes
  2332 | D:3      | Noticed Terence
  2358 | D:3      | Killed Terence
  2609 | D:3      | Reached skill level 7 in Axes
  2925 | D:3      | Reached XP level 8. HP: 58/58 MP: 8/8
  3238 | D:4      | Noticed Edmund
  3250 | D:4      | Killed Edmund
  3382 | D:4      | Noticed Eustachio
  3392 | D:4      | Killed Eustachio
  3492 | D:4      | Reached skill level 8 in Axes
  3796 | D:4      | Noticed Ijyb
  3805 | D:4      | Killed Ijyb
  4288 | D:5      | Entered Level 5 of the Dungeon
  4406 | D:5      | Reached XP level 9. HP: 64/64 MP: 9/9
  4570 | D:5      | Reached skill level 9 in Axes
  4632 | D:5      | Found Cestrorumm's Assorted Antiques.
  4848 | D:6      | Found a sand-covered staircase.
  4853 | Ossuary  | Entered an ossuary
  5112 | Ossuary  | Noticed Menkaure
  5125 | Ossuary  | Killed Menkaure
  5469 | D:6      | Reached skill level 10 in Axes
  5549 | D:6      | Found a staircase to the Ecumenical Temple.
  5558 | Temple   | Entered the Ecumenical Temple
  5612 | Temple   | Became a worshipper of Makhleb the Destroyer
  5760 | D:6      | Noticed Maggie
  5761 | D:6      | Found a snail-covered altar of Cheibriados.
  5776 | D:6      | Killed Maggie
  6154 | D:7      | Reached skill level 11 in Axes
  6270 | D:7      | Reached XP level 10. HP: 70/70 MP: 10/10
  6413 | D:7      | Found an opulent altar of Gozag.
  6890 | D:7      | Reached * piety under Makhleb
  7108 | D:7      | Identified the +7 leather armour "Ruxony" {rElec rC- Dex+3
                  | SInv}
  7735 | D:8      | Reached skill level 12 in Axes
  7908 | D:8      | Found an ancient bone altar of Kikubaaqudgha.
  7928 | D:8      | Noticed a two-headed ogre
  7936 | D:8      | Killed a two-headed ogre
  7945 | D:8      | Got a vibrating turquoise ring
  7946 | D:8      | Identified the ring of Atavvuis {*Drain +Fly rElec rCorr
                  | Stlth+} (You found it on level 8 of the Dungeon)
  7981 | D:8      | Reached ** piety under Makhleb
  7985 | D:8      | Noticed a komodo dragon
  8015 | D:8      | Killed a komodo dragon
  8020 | D:8      | Reached skill level 13 in Axes
  8121 | D:8      | Found a broken altar of Ashenzari.
  8121 | D:8      | Found a sacrificial altar of Ru.
  8121 | D:8      | Found a white marble altar of Elyvilon.
  8121 | D:8      | Found a glowing silver altar of Zin.
  8136 | D:8      | Found a shadowy altar of Dithmenos.
  8141 | D:8      | Found a shimmering blue altar of Sif Muna.
  8410 | D:8      | Found a roughly hewn altar of Beogh.
  8502 | D:8      | Reached *** piety under Makhleb
  8777 | D:8      | Reached XP level 11. HP: 75/75 MP: 11/11
  8867 | D:8      | Found a staircase to the Lair.
  8888 | D:8      | Reached skill level 14 in Axes
  9430 | D:9      | Found Cois's General Store.
  9552 | D:9      | Noticed a two-headed ogre
  9564 | D:9      | Killed a two-headed ogre
  9658 | D:9      | Reached skill level 15 in Axes
  9928 | D:9      | Identified a scroll of acquirement
  9928 | D:9      | Acquired the +6 battleaxe of the Dwarven Hall {flame,
                  | +Blink +Inv}
 10006 | D:10     | Entered Level 10 of the Dungeon
 10006 | D:10     | Noticed Grum
 10016 | D:10     | Noticed Sonja
 10019 | D:10     | Reached **** piety under Makhleb
 10022 | D:10     | Killed Grum
 10039 | D:10     | Killed Sonja
 10336 | D:10     | Found a hide-covered altar of Uskayaw.
 10659 | Lair:1   | Entered Level 1 of the Lair of Beasts
 10889 | Lair:1   | Reached skill level 16 in Axes
 10889 | Lair:1   | Reached XP level 12. HP: 81/81 MP: 12/12
 11334 | Lair:2   | Found a hole to the Spider Nest.
 11497 | Lair:2   | Found a staircase to the Swamp.
 11536 | Lair:2   | Noticed a boulder beetle
 11547 | Lair:2   | Killed a boulder beetle
 11548 | Lair:2   | Reached skill level 17 in Axes
 11780 | Lair:2   | Noticed an eight-headed hydra
 11794 | Lair:2   | Killed a two-headed hydra
 11875 | Lair:2   | Found a runed translucent door.
 11875 | Lair:2   | Noticed Harold
 11885 | Lair:2   | Killed Harold
 11933 | Lair:2   | Found a shimmering altar of Xom.
 11933 | Lair:2   | Noticed Xipsemp's ghost (journeyman OgFE)
 11934 | Lair:2   | Noticed a +6 halberd of chaos
 12651 | Lair:3   | Reached ***** piety under Makhleb
 12687 | Lair:3   | Noticed a four-headed hydra
 12696 | Lair:3   | Killed a one-headed hydra
 12831 | Lair:3   | Noticed a five-headed hydra
 12839 | Lair:3   | Killed a one-headed hydra
 12840 | Lair:3   | Reached skill level 18 in Axes
 12840 | Lair:3   | Reached XP level 13. HP: 86/86 MP: 11/13
 13437 | Lair:4   | Noticed a five-headed hydra
 13445 | Lair:4   | Killed a two-headed hydra
 14527 | Lair:5   | Noticed a dire elephant
 14536 | Lair:5   | Killed a dire elephant
 14539 | Lair:5   | Reached skill level 19 in Axes
 14559 | Lair:5   | Noticed a seven-headed hydra
 14567 | Lair:5   | Killed a one-headed hydra
 14957 | Lair:5   | Acquired a manual of Fighting
 15336 | Lair:5   | Reached skill level 20 in Axes
 15336 | Lair:5   | Reached XP level 14. HP: 88/93 MP: 11/14
 15599 | Lair:6   | Entered Level 6 of the Lair of Beasts
 15613 | Lair:6   | Found a dark tunnel.
 15627 | Lair:6   | Reached skill level 1 in Dodging
 15646 | Lair:6   | Reached skill level 5 in Fighting
 15727 | Lair:6   | Reached skill level 5 in Armour
 15760 | Lair:6   | Reached ****** piety under Makhleb
 15814 | Volcano  | Entered a volcano
 16080 | Lair:6   | Found a runed translucent door.
 16080 | Lair:6   | Found a viscous altar of Jiyva.
 16080 | Lair:6   | Found a staircase to the Slime Pits.
 16080 | Lair:6   | Noticed an acid blob
 16080 | Lair:6   | Noticed an acid blob
 16080 | Lair:6   | Noticed an acid blob
 16336 | Lair:6   | Found a burning altar of Makhleb.
 16373 | Lair:6   | Found a gateway to Hell.
 16906 | Lair:2   | Killed Xipsemp's ghost
 16907 | Lair:2   | Reached skill level 10 in Fighting
 16929 | Lair:2   | Reached XP level 15. HP: 39/124 MP: 6/15
 17415 | D:11     | Got a heavily runed cloak
 17416 | D:11     | Identified the +1 cloak of the Lion {Harm Str+2 Dex+2} (You
                  | found it on level 11 of the Dungeon)
 17537 | D:11     | Noticed Josephine
 17541 | D:11     | Reached skill level 5 in Dodging
 17545 | D:11     | Killed Josephine
 17729 | D:11     | Found Necai's Assorted Antiques.
 17779 | D:11     | Noticed Erolcha
 17782 | D:11     | Killed Erolcha
 17813 | D:11     | Found a portal to a secret trove of treasure.
 18084 | D:11     | Found a roughly hewn altar of Beogh.
 18084 | D:11     | Found a staircase to the Orcish Mines.
 18156 | D:11     | Reached XP level 16. HP: 134/134 MP: 14/16
 18389 | D:12     | Noticed Kirke
 18420 | D:12     | Killed Kirke
 18434 | D:12     | Noticed Nessos
 18441 | D:12     | Killed Nessos
 18526 | D:12     | Noticed Rupert
 18541 | D:12     | Killed Rupert
 18542 | D:12     | Reached skill level 15 in Fighting
 18903 | Orc:1    | Entered Level 1 of the Orcish Mines
 19402 | Orc:1    | Found a bloodstained altar of Trog.
 19477 | Orc:2    | Entered Level 2 of the Orcish Mines
 19624 | Orc:2    | Noticed Urug
 19639 | Orc:2    | Killed Urug
 19914 | Orc:2    | Found a staircase to the Elven Halls.
 19915 | Orc:2    | Noticed Saint Roka
 19963 | Orc:2    | Killed Saint Roka
 20252 | Orc:2    | Found Dialaoth's Distillery.
 20280 | Orc:2    | Found an ancient bone altar of Kikubaaqudgha.
 20297 | Orc:2    | Found Daown's Book Shop.
 20349 | Orc:2    | Found a radiant altar of Vehumet.
 20391 | Orc:2    | Found a roughly hewn altar of Beogh.
 20391 | Orc:2    | Found Yplaapte's Antique Weapon Boutique.
 20420 | Orc:2    | Found Dobboime's Antique Armour Boutique.
 20494 | Orc:2    | Bought a pair of steaming gloves for 237 gold pieces
 20494 | Orc:2    | Identified the +2 pair of gloves "Unum" {rN+ Dex+8} (You
                  | bought it in a shop on level 2 of the Orcish Mines)
 20811 | D:13     | Found a transporter.
 20858 | D:13     | Found a shimmering altar of Xom.
 20884 | D:13     | Found a transporter.
 20889 | D:13     | Noticed loralnil's ghost (journeyman GnTm)
 21154 | D:13     | Reached XP level 17. HP: 146/146 MP: 17/17
 21191 | D:13     | Found a gate to the Vaults.
 21439 | D:14     | Noticed Azrael
 21769 | D:13     | Killed Azrael
 22473 | D:14     | Noticed Frances
 22487 | D:14     | Killed Frances
 22601 | D:15     | Entered Level 15 of the Dungeon
 22811 | D:15     | Found a staircase to the Depths.
 23510 | Swamp:1  | Entered Level 1 of the Swamp
 24005 | Swamp:1  | Acquired 780 gold pieces
 24257 | Swamp:1  | Reached XP level 18. HP: 150/160 MP: 12/18
 25106 | Swamp:2  | Got a brightly glowing plate armour
 25330 | Swamp:1  | Identified the +2 plate armour of Daisies {SInv} (You found
                  | it on level 2 of the Swamp)
 26556 | Swamp:4  | Entered Level 4 of the Swamp
 26665 | Swamp:3  | Reached skill level 10 in Shields
 27122 | Swamp:3  | Reached skill level 10 in Armour
 27902 | Swamp:3  | Reached skill level 10 in Dodging
 27976 | Swamp:4  | Noticed Donald
 28015 | Swamp:3  | Killed Donald
 28387 | Swamp:4  | Reached XP level 19. HP: 168/169 MP: 16/19
 28541 | Swamp:4  | Got a decaying rune of Zot
 28778 | Spider:1 | Entered Level 1 of the Spider Nest
 31452 | Spider:4 | Entered Level 4 of the Spider Nest
 31496 | Spider:4 | Acquired a +1 tower shield of reflection
 31509 | Spider:4 | Acquired a +1 executioner's axe of draining
 31711 | Spider:4 | Reached XP level 20. HP: 175/176 MP: 18/20
 31847 | Spider:4 | Got a gossamer rune of Zot
 32709 | Elf:1    | Entered Level 1 of the Elven Halls
 32785 | Elf:1    | Noticed Louise
 32799 | Elf:1    | Killed Louise
 32846 | Elf:1    | Reached skill level 21 in Axes
 33324 | Elf:1    | Found Meuth's Book Emporium.
 33507 | Elf:2    | Found a runed translucent door.
 33530 | Elf:2    | Found a runed translucent door.
 33610 | Elf:2    | Reached skill level 15 in Shields
 33647 | Elf:2    | Reached XP level 21. HP: 183/183 MP: 19/21
 33962 | Elf:2    | Reached skill level 22 in Axes
 34420 | Vaults:1 | Entered Level 1 of the Vaults
 34903 | Vaults:1 | Reached skill level 23 in Axes
 35047 | Vaults:1 | Found a magical portal.
 36043 | Vaults:2 | Noticed Mennas
 36049 | Vaults:2 | Reached XP level 22. HP: 178/190 MP: 22/22
 36078 | Vaults:2 | Slain by an orc knight

Illustrated notes

Levels and vault maps discovered:
D:1:      lemuel_arrival_behind_the_door_small, layout_rooms, amethyst_killhole
D:2:      layout_loops_ring, overflow_temple_1_default,
          grunt_temple_overflow_open, uniq_natasha, uniq_crazy_yiuf_cottage,
          uniq_sigmund, uniq_robin
D:3:      minmay_octagon_keep, layout_basic, uniq_terence
D:4:      layout_basic, serial_curves, eino_curves_03, eino_curves_02,
          minmay_manual_mares, uniq_eustachio, uniq_ijyb, uniq_edmund
D:5:      layout_loops_ring, serial_shops, kennysheep_little_box
D:6:      layout_gridville, kennysheep_mini, lemuel_temple_firewalk_a,
          nicolae_ossuary_entry_false_entrances, uniq_maggie
D:7:      kennysheep_kobold_camp, layout_layer_cave, skrybe_limestone_x,
          david_defended_altar_elf
D:8:      layout_loops_corners, minmay_overflow_temple_hex, david_lair_shrubbed,
          basic_altar, special_room [special_room_orc], minmay_lizard_king
D:9:      layout_layer_cave, serial_shops, nicolae_shop_trees
D:10:     layout_cross, basic_altar, uniq_sonja, uniq_grum
D:11:     layout_loops_ring, david_orc_5, nicolae_trove_entry_diagonal,
          serial_shops, shop_statue, uniq_josephine, uniq_erolcha
D:12:     layout_long_grid, uniq_rupert, uniq_nessos, uniq_kirke
D:13:     layout_roguey, grunt_vaults_entry_tiered,
          gammafunk_ghost_berserking_beasts, basic_altar
D:14:     layout_basic, minmay_misc_feat_iff, kb_tengu_band, uniq_azrael,
          uniq_frances
D:15:     hangedman_depths_entry_civil_slaughter, layout_grid_maze,
          minmay_misc_feat_cross, lemuel_old_faithful
Temple:   nicolae_temple_x_marks_the_god
Lair:1:   layout_chaotic_city, lemuel_fruit_fields
Lair:2:   layout_layer_cave, swamp_mist, spider_nest_entry_web_field,
          ebering_ghost_xom, infiniplex_staircase_pool_2, uniq_harold
Lair:3:   layout_roguey, kennysheep_rathole
Lair:4:   layout_layer_cave, eino_small_chamber_without_monster
Lair:5:   nzn_winding_woodlands_small [nzn_winding_woodlands_5x15_twine,
          nzn_winding_woodlands_center_pierced_h,
          nzn_winding_woodlands_5x15_lazy_stream], layout_hall_layers,
          roderic_carrion_pond, lemuel_fruit_fields, grunt_megastairs_5
Lair:6:   evil_forest, layout_loops_ring, slime_altar_2,
          nicolae_volcano_entry_hallway
Swamp:1:  layout_basic_swamp, nicolae_swamp_feature_on_the_river_bank,
          swamp_pool1, hangedman_swamp_ravenous
Swamp:2:  layout_falls_marsh, evilmike_swamp_ruin_rubble_1,
          infiniplex_staircase_pool
Swamp:3:  layout_falls_marsh, serial_swamp_ruin, evilmike_swamp_ruin_house_3,
          evilmike_swamp_ruin_house_6, evilmike_swamp_ruin_house_1, swamp_pool1,
          worms_lemuel
Swamp:4:  swamp_alternative, layout_basic_swamp, uniq_donald
Spider:1: layout_spider_delve
Spider:2: layout_chambers
Spider:3: layout_spider_delve
Spider:4: grunt_spider_rune_circles
Orc:1:    layout_caves, trog_book
Orc:2:    kennysheep_orc_mage_school, layout_diamond_mine, uniq_urug,
          uniq_saint_roka
Elf:1:    layout_gridlike, serial_shops, shop, hangedman_corner_corridor,
          uniq_louise
Elf:2:    layout_geoelf_diagonals
Vaults:1: nicolae_vaults_little_squares_2, nicolae_vaults_alarming,
          v_alt_pattern_2, nicolae_vaults_rhombus_6, hangedman_vaults_hat,
          grunt_vaults_hallway_short, ontoclasm_vaults_pinch,
          nicolae_vaults_network_quincunx
          [nicolae_vaults_network_quincunx_subvault,
          nicolae_vaults_network_quincunx_subvault,
          nicolae_vaults_network_quincunx_subvault,
          nicolae_vaults_network_quincunx_subvault,
          nicolae_vaults_network_quincunx_subvault], v_alt_pattern_5,
          vaults_dpeg_spiral, nicolae_vaults_little_ls, hangedman_vaults_impose,
          vaults_mumra_hex, vaults_mumra_lcd, layout_vaults_big_cross,
          mu_enter_wizlab_1
Vaults:2: ontoclasm_vaults_ligature, dpeg_vaults_monster_row,
          grunt_vaults_hallway_long, v_misc_17, hangedman_vaults_capsules,
          grunt_vaults_twisty, ontoclasm_vaults_loading_screen,
          nicolae_vaults_twisting_passages, v_pattern_2, st_quartered_hall,
          v_misc_11, layout_vaults_maze_bifur, basic_altar, uniq_sojobo,
          uniq_mennas

Skill      XL: |  1  2  3  4  5  6  7  8  9 10 11 12 13 14 15 16 17 18 19 20 21 |
---------------+----------------------------------------------------------------+-----
Shields        | 4 5 6 8 9 11 13 15 | 15.0
Axes           | 3 4 5 7 8 11 13 16 18 20 21 23 | 23.6
Fighting       | 13 14 16 19 20 | 20.0
Dodging        | 4 5 7 9 10 11 | 11.5
Armour         | 6 7 9 10 12 | 12.4

Action                   |  1- 3 |  4- 6 |  7- 9 | 10-12 | 13-15 | 16-18 | 19-21 | 22-24 || total
-------------------------+-------+-------+-------+-------+-------+-------+-------+-------++-------
Melee: War axe           |    88 |   104 |   541 |   561 |       |       |       |       ||  1294
       Battleaxe         |       |       |       |   211 |   520 |  1124 |   404 |       ||  2259
       Executioner's axe |       |       |       |       |       |       |   712 |    19 ||   731
 Abil: Dig               |       |     6 |     1 |     6 |     7 |     7 |     7 |       ||    34
Evoke: Wand              |       |       |       |    12 |     1 |    11 |       |       ||    24
  Use: Scroll            |     6 |     4 |    14 |     7 |    11 |     8 |    11 |       ||    61
       Potion            |       |     1 |     1 |     4 |     4 |     5 |       |     1 ||    16
 Stab: Distracted        |       |       |       |       |       |     1 |       |       ||     1
Armor: Scale mail        |    75 |     6 |       |       |       |       |       |       ||    81
       Chain mail        |       |    36 |   190 |   238 |   132 |    79 |       |       ||   675
       Plate armour      |       |       |       |       |       |   341 |   336 |    17 ||   694
Dodge: Dodged            |    41 |    21 |   153 |   209 |   160 |   580 |   498 |    38 ||  1700
Block: Kite shield       |    62 |    64 |   285 |   359 |   224 |   613 |   267 |       ||  1874
       Tower shield      |       |       |       |       |       |       |   756 |    19 ||   775
       Reflection        |       |       |       |       |       |       |    78 |       ||    78

Table legend: (Time is in decaauts)
 A = Elapsed time spent in this place.
 B = Non-inter-level travel time spent in this place.
 C = Inter-level travel time spent in this place.
 D = Time resting spent in this place.
 E = Time spent auto-exploring this place.
 F = Levels seen in this place.
 G = Mean time per level.
                   A        B        C        D        E       F      G
               +--------+--------+--------+--------+--------+-----+--------+
         Total |  35766 |  32700 |   3066 |   5353 |  19201 |  38 |  941.2 |
       Dungeon |  15247 |  13607 |   1640 |   2484 |   7566 |  15 | 1016.5 |
        Temple |     64 |     64 |      0 |      0 |     50 |   1 |   64.0 |
          Lair |   6597 |   6054 |    543 |    630 |   4467 |   6 | 1099.5 |
         Swamp |   4988 |   4825 |    163 |   1982 |   1993 |   4 | 1247.0 |
   Spider Nest |   3594 |   3305 |    289 |     93 |   2188 |   4 |  898.5 |
  Orcish Mines |   1611 |   1403 |    208 |    104 |    774 |   2 |  805.5 |
   Elven Halls |   1568 |   1451 |    117 |      0 |    977 |   2 |  784.0 |
        Vaults |   1620 |   1516 |    104 |     43 |   1034 |   2 |  810.0 |
       Ossuary |    357 |    357 |      0 |      2 |    109 |   1 |  357.0 |
       Volcano |    118 |    118 |      0 |     15 |     42 |   1 |  118.0 |
               +--------+--------+--------+--------+--------+-----+--------+

Top non-repeatable levels by time:
 Swamp:3: 2408 daAuts
  Lair:2: 1824 daAuts
     D:7: 1493 daAuts
     D:8: 1480 daAuts
Vaults:1: 1445 daAuts
    D:11: 1365 daAuts
     D:4: 1317 daAuts
     D:2: 1219 daAuts
     D:9: 1210 daAuts
   Orc:2: 1140 daAuts
    D:13: 1130 daAuts
Spider:2: 1114 daAuts
  Lair:4: 1109 daAuts
  Lair:5: 1083 daAuts
     D:3: 1071 daAuts
